Unix NetHack Version 5.0.0-0 post-release - last build Jun 10 2026 00:39:30 (3ee93aec679c4c4259841fe613dc97188e26a321,branch:main).

Game began 2026-07-04 08:24:47, ended 2026-07-04 08:30:06.

DiePARTEI, neutral female human Tourist

              ----            ---
         ------..---         --.------------                             ----
      ----..--.....---       |.........--..---               ---         |..|
     --..............|      --...............|     ----     --.--       --..--
     |...............--     |....--..........|    --..----  |...---     |....|
     --...............|     |...-----.......--   --......---|.....-- ----...--
      ---.............|     ---.--  |-.....-- ----.........|---....---......|
        --...........--       |..---|......|  |............|  |........------
         |..........--      ---....--.....------..........--  |.......-| ----
         ---.|......--  ----|.........--..................--  --.......| |..--
           --|.......| --..--...............-----..........--  |-......---...|
             |......-- |..............---.....||............----.....@.......|
     ---     |.|..---  --..............||.....||-............--0....G%.......|
    --.-- ----.|--- -----....|........----..---|...................h.G...--.--
    |...---....|  ---......--|.>......|  ----  |-...----.....--.G........----
    |.......---- --...------ --...-----        |..<--  --....|--..GG--G.d..--
    ---..---------...-|       |..--            --.--    |....---....--h.....|
      |...............--      ----              ---     |..................--
      |..--------......|                                ---........|..---.--
      ----      --..|.--                                  ---.---.----- ---
                 ------                                     --- ---
DiePARTEI the Rambler       St:12 Dx:11 Co:11 In:14 Wi:10 Ch:16  Neutral
Dlvl:3  $:307 HP:0(16) Pw:2(2) AC:10 Xp:1 T:528 

Latest messages:
 The little dog bites the gnome king.
 The gnome king hits!
 The little dog misses the gnome king.
 The little dog bites the gnome king.
 The little dog misses the gnome king.
 The little dog bites the gnome king.
 The little dog bites the gnome king.
 The gnome king hits the little dog.
 The dwarf picks up a gem.
 You see here a whistle.
 r - a whistle.
 The little dog misses the gnome.
 The gnome king hits!
 The little dog bites the gnome.
 The gnome hits the little dog.
 The gnome wields a crossbow!
 The crossbow welds itself to the gnome's hand!
 You don't have enough energy to cast that spell yet.
 The hobbit wields a runed dagger!
 The dwarf thrusts his broad short sword.
 The dwarf hits!
 Are you sure you want to pray? [yn] (n) y
 You begin praying to The Lady.
 You are surrounded by a shimmering light.
 The dwarf starts to attack you, but pulls back.
 The gnome starts to attack you, but pulls back.
 The hobbit starts to attack you, but pulls back.
 The gnome starts to attack you, but pulls back.
 The dwarf starts to attack you, but pulls back.
 The gnome starts to attack you, but pulls back.
 The hobbit starts to attack you, but pulls back.
 The gnome starts to attack you, but pulls back.
 You finish your prayer.
 You feel that The Lady is pleased.
 You feel much better.
 The hobbit thrusts his runed dagger.
 The hobbit hits!
 What do you want to read? [fgm or ?*] f
 As you read the scroll, it disappears.
 A map coalesces in your mind!
 The gnome hits!
 The hobbit throws a runed dagger!
 The runed dagger hits the gnome.
 The gnome king throws 2 darts!
 You are hit by the 1st dart.
 You are hit by the 2nd dart.
 The gnome king hits!
 You die...
 Do you want your possessions identified? [ynq] (y) y
 Do you want to see your attributes? [ynq] (y) q

Inventory:
 Coins    ('$')
  $ - 307 gold pieces
 Weapons  (')')
  l - 7 +0 ya
  a - 26 +2 darts (at the ready)
  o - a +0 orcish dagger
 Armor    ('[')
  h - an uncursed +0 Hawaiian shirt with a ukulele motif (being worn)
 Comestibles  ('%')
  b - an uncursed apple
  c - 8 uncursed food rations
  d - 2 uncursed tripe rations
 Scrolls  ('?')
  g - a blessed scroll of magic mapping
  f - 2 uncursed scrolls of magic mapping
 Spellbooks  ('+')
  m - an uncursed spellbook of healing
 Potions  ('!')
  q - an uncursed potion of healing
 Tools    ('(')
  j - an uncursed credit card
  i - an expensive camera (0:77)
  k - an uncursed leash
  p - an uncursed skeleton key
  r - an uncursed tin whistle

DiePARTEI the Tourist's attributes:

Background:
 You were a Rambler, a level 1 female human Tourist.
 You were neutral, on a mission for The Lady
 who was opposed by Blind Io (lawful) and Offler (chaotic).
 You were right-handed.
 You were in the Gnomish Mines, on level 3.
 You entered the dungeon 528 turns ago.
 You had 19 experience points, 1 more was needed to attain level 2.

Basics:
 You had 0 out of 16 hit points.
 You had both energy points (spell power).
 Your armor class was 10.
 Your wallet contained 307 zorkmids.
 Autopickup was off.

Final Characteristics:
 Your strength was 12 (limit:18/100).
 Your dexterity was 11 (limit:18).
 Your constitution was 11 (limit:18).
 Your intelligence was 14 (limit:18).
 Your wisdom was 10 (limit:18).
 Your charisma was 16 (limit:18).

Final Status:
 You weren't hungry.
 You were unencumbered.
 You were bare handed.
 You were unskilled in bare handed combat.

Final Attributes:
 You were stridently aligned.
 You are dead.

Miscellaneous:
 You didn't encounter any bones levels.
 Total elapsed playing time was 5 minutes and 19 seconds.

Major events:
 Turn
    1: DiePARTEI the neutral female human Tourist entered the dungeon
  490: entered the Gnomish Mines
  528: killed by a gnome king

Spells:
 Name                 Level Category     Fail Retention
 healing                1   healing       21%  76%-100%

Skills:
 Fighting Skills
   bare handed combat [Unskilled]
   two weapon combat  [Unskilled]
   riding             [Unskilled]
 Weapon Skills
   dagger             [Unskilled]
   knife              [Unskilled]
   axe                [Unskilled]
   pick-axe           [Unskilled]
   short sword        [Unskilled]
   broadsword         [Unskilled]
   long sword         [Unskilled]
   two-handed sword   [Unskilled]
   saber              [Unskilled]
   mace               [Unskilled]
   morning star       [Unskilled]
   flail              [Unskilled]
   hammer             [Unskilled]
   quarterstaff       [Unskilled]
   polearms           [Unskilled]
   spear              [Unskilled]
   trident            [Unskilled]
   lance              [Unskilled]
   bow                [Unskilled]
   sling              [Unskilled]
   crossbow           [Unskilled]
   dart               [Basic]
   shuriken           [Unskilled]
   boomerang          [Unskilled]
   whip               [Unskilled]
   unicorn horn       [Unskilled]
 Spellcasting Skills
   divination spells  [Unskilled]
   enchantment spells [Unskilled]
   escape spells      [Unskilled]

Voluntary challenges:
 Character rerolling was not enabled.
 You never hit with a wielded weapon.
 You never genocided any monsters.
 You never polymorphed an object.
 You never changed form.
 You used no wishes.
Achievement:
 You entered the Gnomish Mines.

 The Dungeons of Doom: levels 1 to 2
    Level 1:
       A fountain.
    Level 2:
       Stairs down to The Gnomish Mines.
 The Gnomish Mines:
    Level 3: <- You were here.
       Final resting place for
          you, killed by a gnome king.


Vanquished creatures:
  a jackal
  a fox
  2 goblins
  2 grid bugs
  a kobold zombie
  3 newts
10 creatures vanquished.

No species were genocided or became extinct.

Game over:
                       ----------
                      /          \
                     /    REST    \
                    /      IN      \
                   /     PEACE      \
                  /                  \
                  |    DiePARTEI     |
                  |      307 Au      |
                  |   killed by a    |
                  |    gnome king    |
                  |                  |
                  |                  |
                  |       2026       |
                 *|     *  *  *      | *
        _________)/\\_//(\/(/\)/\//\/|_)_______

Aloha DiePARTEI the Tourist...

You died in The Gnomish Mines on dungeon level 3 with 206 points,
and 307 pieces of gold, after 528 moves.
You were level 1 with a maximum of 16 hit points when you died.

